 Dungeon Crawl Stone Soup version 0.24-a0-129-gdb70d5e40e (console) character file.

Game seed: 0

387 GlitchedCode the Grave Robber (level 6, 0/37 HPs)
             Began as a Demonspawn Necromancer on Feb 26, 2019.
             Slain by an orc wizard zombie
             ... wielding a +0 dagger
             ... animated by the player character
              (5 damage)
             ... on level 4 of the Dungeon.
             The game lasted 00:30:26 (3612 turns).

GlitchedCode the Grave Robber (DsNe)                Turns: 3612, Time: 00:30:27

Health: 0/37       AC:  3    Str:  9 (10) XL:     6   Next: 49%
Magic:  0/12       EV: 13    Int: 17      God:
Gold:   219        SH:  0    Dex: 13      Spells: 5/13 levels left

rFire    . . .     SeeInvis .   c - +2 dagger (venom)
rCold    . . .     Gourm    .   (no shield)
rNeg     . . .     Faith    .   i - +0 robe {Archmagi}
rPois    .         Spirit   .   (helmet restricted)
rElec    .         Reflect  .   p - +0 cloak
rCorr    .         Harm     .   (no gloves)
MR       .....                  (boots unavailable)
Stlth    +++.......             (no amulet)
HPRegen  0.12/turn              h - ring of stealth
MPRegen  0.13/turn              (no ring)

@: no status effects
A: claws 1, hooves 3, horns 2, frail 1
a: no special abilities


You were on level 4 of the Dungeon.
You were not hungry.

You visited 1 branch of the dungeon, and saw 4 of its levels.

You collected 219 gold pieces.

Inventory:

Hand Weapons
 c - a +2 dagger of venom (weapon)
 g - a +0 dagger of freezing
 n - a +0 hunting sling
Missiles
 f - 39 arrows
 j - 124 stones (quivered)
Armour
 i - a +0 robe of the Archmagi (worn)
 p - a +0 cloak (worn)
Jewellery
 h - a ring of stealth (left claw)
Wands
 b - a wand of iceblast (6)
Scrolls
 a - a scroll of random uselessness {unknown}
 k - 4 scrolls of remove curse
 l - 4 scrolls of identify
 m - a scroll of amnesia
 o - a scroll of immolation {unknown}
Comestibles
 d - 4 rations


   Skills:
 + Level 0.7 Fighting
 + Level 0.6 Short Blades
   Level 0.1 Axes
 + Level 0.2 Armour
 + Level 2.4 Dodging
 + Level 2.7 Stealth
 + Level 4.0 Spellcasting
 + Level 6.4 Necromancy


You had 5 spell levels left.
You knew the following spells:

 Your Spells              Type           Power        Failure   Level  Hunger
a - Pain                  Necr           ####         1%          1    None
b - Animate Skeleton      Necr           N/A          1%          1    None
c - Sublimation of Blood  Necr           #####.....   1%          2    ##.....
d - Animate Dead          Necr           N/A          11%         4    ####...

Your spell library contained the following spells:

 Spells                   Type           Power        Failure   Level  Hunger
 Vampiric Draining        Necr           #####.....   3%          3    ###....
 Regeneration             Chrm/Necr      ###.......   13%         3    ###....


Dungeon Overview and Level Annotations

Branches:
Dungeon (4/15)
 Temple: D:4-7

Altars:

Shops:
D:4 *


Innate Abilities, Weirdness & Mutations

You have sharp fingernails.
You have hooves in place of feet.
You have a pair of horns on your head.
You are frail. (-10% HP)


Message History

Something tries to affect you, but you resist.
Casting: Pain (safe; 1% risk of failure)
Confirm with . or Enter, or press ? or * to list all spells.
You feel a surge of power!
You call on the dead to rise...
The dead are walking!
You hear some strange, mumbled words.
Your orc wizard zombie appears confused.
You swap places.
The orc wizard gestures at you while chanting.
Your orc wizard zombie resists with significant effort.
Something hits you.
* * * LOW HITPOINT WARNING * * *
You barely miss something. You kick something.
Your orc wizard zombie barely misses you.
The orc wizard points at you and mumbles some strange words.
The magic dart hits your orc wizard zombie!
Something hits you.
* * * LOW HITPOINT WARNING * * *
You barely miss something.
Your orc wizard zombie hits you with a +0 dagger.
You die...

#.......#### #...........
.. #........### .# #
#........# ##.##.#
#.......## ........
#.......# #......#.
##.......########..# #..#
...................#.#...
#####.#########.o###.###.
#.......# ##Z#..:..#.
#######.# #@###.###. #.#
#{Z.#.'... ###### #.#
##..###... .....# #.#
##....... ####.# #.#
#.....# #.# #.# ######
#.######.# #........#
##########


You could see an orc wizard and 2 friendly orc wizard zombies.

Vanquished Creatures
  An ogre (D:4)
  A scorpion (D:4)
  A hound (D:4)
  2 orc wizards (D:4)
  Terence (D:3)
  Jessica (D:2)
  A worker ant (D:4)
  An adder (D:2)
  An ooze (D:1)
  2 leopard geckos
  4 orcs
  4 giant cockroaches
  7 goblins
  4 hobgoblins
  9 jackals
  9 kobolds
  4 quokkas
  4 bats
  5 frilled lizards
  4 rats
66 creatures vanquished.

Vanquished Creatures (collateral kills)
  A goblin (D:3)
1 creature vanquished.

Grand Total: 67 creatures vanquished

Notes
Turn   | Place    | Note
-------+----------+-------------------------------------------
     0 | D:1      | GlitchedCode the Demonspawn Necromancer began the quest for
                  | the Orb.
     0 | D:1      | Reached XP level 1. HP: 13/13 MP: 3/3
   280 | D:1      | Gained mutation: You have large cloven feet. [demonic
                  | ancestry]
   280 | D:1      | Reached XP level 2. HP: 7/19 MP: 3/5
   443 | D:1      | Reached skill level 5 in Necromancy
   899 | D:2      | Gained mutation: You have a pair of small horns on your
                  | head. [demonic ancestry]
   899 | D:2      | Reached XP level 3. HP: 16/24 MP: 3/6
  1304 | D:2      | Noticed Jessica
  1325 | D:2      | Killed Jessica
  1325 | D:2      | Reached XP level 4. HP: 16/30 MP: 7/7
  1349 | D:2      | Identified Jessica's Incunabulum of Necromancy
  1665 | D:3      | Gained mutation: You have hoof-like feet. [potion of
                  | mutation]
  1665 | D:3      | Gained mutation: You are frail. (-10% HP) [potion of
                  | mutation]
  1665 | D:3      | Gained mutation: You have hooves in place of feet. [potion
                  | of mutation]
  1665 | D:3      | Gained mutation: You have a pair of horns on your head.
                  | [potion of mutation]
  1682 | D:3      | Learned a level 1 spell: Animate Skeleton
  1685 | D:3      | Learned a level 2 spell: Sublimation of Blood
  1690 | D:3      | Learned a level 4 spell: Animate Dead
  2209 | D:3      | Noticed Terence
  2218 | D:3      | Killed Terence
  2395 | D:3      | Found a faded altar of an unknown god.
  2804 | D:4      | Found Acuulud's Mass Market.
  2916 | D:4      | Noticed an ogre
  2928 | D:4      | Killed an ogre
  2928 | D:4      | Reached skill level 6 in Necromancy
  2928 | D:4      | Gained mutation: You have sharp fingernails. [demonic
                  | ancestry]
  2928 | D:4      | Reached XP level 5. HP: 32/32 MP: 8/10
  3097 | D:4      | Mutation became permanent: You have hoof-like feet.
                  | [demonic ancestry]
  3097 | D:4      | Gained mutation: You have hooves in place of feet. [demonic
                  | ancestry]
  3097 | D:4      | Reached XP level 6. HP: 9/37 MP: 6/11
  3612 | D:4      | Slain by an orc wizard zombie

Levels and vault maps discovered:
D:1:      lemuel_arrival_muddy, layout_basic, nrook_uturn
D:2:      layout_basic, first_ration, kennysheep_jessica_study
D:3:      layout_loops_corners, chequers_ecumenical_altar_simple_redux,
          serial_bayou, serial_bayou_crossing, serial_bayou_pond_e,
          serial_bayou_pond_e, serial_bayou_pond_d, uniq_terence
D:4:      layout_loops_ring, minmay_shop_mass,
          minmay_a_box_with_orc_wizards_in_it

Skill      XL: |  1  2  3  4  5  6 |
---------------+-------------------+-----
Necromancy     | 5 6 |  6.4
Dodging        | 2 |  2.4
Spellcasting   | 3 4 |  4.0
Stealth        | 2 |  2.7
Fighting       | |  0.7
Short Blades   | |  0.6
Axes           | |  0.1
Armour         | |  0.2

Action                   |  1- 3 |  4- 6 || total
-------------------------+-------+-------++-------
Melee: Dagger            |    23 |    44 ||    67
       Hand axe          |    27 |       ||    27
       Kick              |    13 |     7 ||    20
       Headbutt          |     3 |     8 ||    11
Throw: Stone             |     9 |       ||     9
 Cast: Pain              |    46 |    34 ||    80
       Animate Dead      |       |     7 ||     7
       Sublimation of Bl |       |     1 ||     1
       Animate Skeleton  |       |     1 ||     1
  Use: Scroll            |     4 |     2 ||     6
       Potion            |     3 |     8 ||    11
 Stab: Sleeping          |       |     6 ||     6
  Eat: Ration            |     1 |     2 ||     3
       Chunk             |       |     1 ||     1
Armor: Robe              |     1 |     6 ||     7
       Ring mail         |    33 |       ||    33
Dodge: Dodged            |    50 |    30 ||    80

Table legend:
 A = Non-vault XP
 B = Vault XP
 C = Vault XP percentage of total XP
 D = Non-vault monster count
 E = Vault monster count
 F = Vault count percentage of total count
                 A         B        C        D         E       F
            +---------+---------+-------+---------+---------+-------
      Total |     393 |     160 |  28.9 |      62 |       5 |   7.5
            +---------+---------+-------+---------+---------+-------
        D:1 |      35 |       0 |   0.0 |      19 |       0 |   0.0
        D:2 |      44 |      39 |  47.0 |      19 |       2 |   9.5
        D:3 |      30 |      38 |  55.9 |      15 |       1 |   6.2
        D:4 |     284 |      83 |  22.6 |       9 |       2 |  18.2
            +---------+---------+-------+---------+---------+-------
